 Dungeon Crawl Stone Soup version 0.19.5 (webtiles) character file.

5724 rogel the Cleaver (level 10, 0/61 HPs)
             Began as a Gargoyle Fighter on May 13, 2017.
             Was a Believer of Trog.
             Slain by an unseen horror (4 damage)
             ... on level 11 of the Dungeon.
             The game lasted 00:36:36 (7891 turns).

rogel the Cleaver (Gargoyle Fighter)                Turns: 7891, Time: 00:36:36

Health: 0/61       AC: 18    Str: 23    XL:     10   Next: 77%
Magic:  10/10      EV:  8    Int:  9    God:    Trog [**....]
Gold:   556        SH: 11    Dex:  9    Spells: 0 memorised, 9 levels left

rFire  x . .     SeeInvis .     F - +4 war axe (chop)
rCold  + . .     Gourm    .     i - +3 scale mail {rN+}
rNeg   + + +     Faith    .     c - +0 shield
rPois  ∞         Spirit   .     g - +0 helmet
rElec  +         Reflect  .     (no cloak)
rCorr  .         Harm     .     (no gloves)
MR     .....                    (no boots)
Stlth  ..........               I - amulet of regeneration
                                r - ring of positive energy
                                k - ring of ice

@: very slightly contaminated
A: negative energy resistance 1, electricity resistance, unbreathing,
petrification resistance, rot immunity, AC +7
a: Berserk, Trog's Hand, Burn Spellbooks, Renounce Religion


You were on level 11 of the Dungeon.
You worshipped Trog.
Trog was pleased with you.
You were not hungry.

You visited 2 branches of the dungeon, and saw 12 of its levels.

You collected 556 gold pieces.

Inventory:

Hand Weapons
 n - a +2 flail of protection
 F - a +4 war axe of chopping (weapon)
Armour
 b - a +0 scale mail
 c - a +0 shield (worn)
 g - a +0 helmet (worn)
 i - a +3 scale mail of positive energy (worn)
Jewellery
 k - a ring of ice (left hand)
 r - a ring of positive energy (right hand)
 I - an amulet of regeneration (around neck)
 M - an uncursed ring of protection from magic
 N - an uncursed ring of ice
Wands
 a - a wand of paralysis (10/24)
 d - a wand of disintegration (7/24)
 t - a wand of flame (19/48)
 D - a wand of lightning (0/15)
Scrolls
 e - 2 scrolls of magic mapping
 o - a scroll of blinking
 p - a scroll of identify
 u - 7 scrolls of remove curse
 w - a scroll of fear
 B - a scroll of amnesia
Potions
 h - a potion of resistance
 j - 3 potions of curing
 l - 2 potions of agility
 m - 3 potions of degeneration
 z - 3 potions of flight
 L - a potion of cure mutation
Books
 G - a book of Frost

   Spells                             Type                      Level
   a - Freeze                         Ice                          1
   b - Throw Frost                    Conjuration/Ice              2
   c - Ozocubu's Armour               Charms/Ice                   3
   d - Throw Icicle                   Conjuration/Ice              4
   e - Summon Ice Beast               Ice/Summoning                4
   Trog disapproves of the use of such an item.
Comestibles
 f - 4 bread rations
 v - 5 meat rations
 x - 8 fruits
 Q - a beef jerky


   Skills:
 + Level 6.8 Fighting
 * Level 9.4(10.4) Axes
 - Level 7.8(10.1) Maces & Flails
 + Level 6.1 Armour
 - Level 0.1 Dodging
 + Level 7.2 Shields


You had 9 spell levels left.
You didn't know any spells.

Dungeon Overview and Level Annotations

Branches:
Dungeon (11/15)            Temple (1/1) D:7            Lair (0/6) D:11
    Orc: D:9-12

Altars:
Ashenzari
Cheibriados
Dithmenos
Elyvilon
Fedhas
Gozag
Hepliaklqana
Kikubaaqudgha
Makhleb
Nemelex Xobeh
Okawaru
Qazlal
Ru
Sif Muna
Trog
Uskayaw
Vehumet
Xom
Yredelemnul
Zin
The Shining One

Shops:
D:5 (   D:7 (


Innate Abilities, Weirdness & Mutations

You are resistant to torment.
Your stone body is resilient. (AC +7)
You are immune to poison.
You resist negative energy. (rN+)
You are resistant to electric shocks. (rElec)
You can survive without breathing.
You are immune to petrification.
You are immune to rotting.


Message History

* * * LOW HITPOINT WARNING * * *
Something hits you.
* * * LOW HITPOINT WARNING * * *
Something hits you but does no damage. Something hits you but does no damage.
You block something's attack. Something hits you.
* * * LOW HITPOINT WARNING * * *
Something hits you but does no damage. x2
You block something's attack. Something hits you but does no damage.
Something completely misses you.
You slash something! Something hits you.
* * * LOW HITPOINT WARNING * * *
Something hits you but does no damage.
You hit something. Something hits you but does no damage.
Something hits you but does no damage.
You hear the crackling of a melting archway nearby.
Something hits you but does no damage. Something hits you.
You die...

................#####
..%............#....#
..............##....#
............#.#.....#
....................#
............!......##
...................#
<.............../.##
#...............@.#
##.....#.........##
###########.....##
###....# ##...###
#...## ##...# ##...##
#...##


There were no monsters in sight!

Vanquished Creatures
  A hill giant (D:9)
  Pikel (D:4)
  The ghost of Turtleman12345 the Destroyer, a novice TeCj of Kikubaaqudgha (D:11)
  A troll (D:9)
  A hippogriff (D:9)
  A wyvern (D:9)
  A steam dragon (D:7)
  2 sky beasts
  3 ice beasts
  An orc warrior (D:6)
  3 necrophages
  3 black bears
  4 ogres
  A crocodile (D:9)
  A centaur (D:9)
  A big kobold (D:9)
  4 bullfrogs
  4 scorpions
  4 howler monkeys
  A crimson imp (D:9)
  2 centaur zombies
  2 jellies
  A bullfrog zombie (D:9)
  3 hounds
  7 orc priests
  A centaur skeleton (D:7)
  7 orc wizards
  3 bullfrog skeletons
  2 iguanas
  11 worker ants
  A hound skeleton (D:4)
  A hound zombie (D:9)
  A worker ant zombie (D:11)
  10 gnolls
  5 adders
  4 shadow imps
  3 oozes
  An adder zombie (D:5)
  A worm (D:2)
  4 dart slugs
  4 leopard geckos
  19 orcs
  A ball python (D:8)
  9 giant cockroaches
  9 goblins
  6 hobgoblins
  8 jackals
  2 quokkas
  4 bats
  2 frilled lizards (D:1)
  14 kobolds
  A leopard gecko skeleton (D:6)
  16 rats
204 creatures vanquished.

Vanquished Creatures (others)
  An ogre (D:4)
  An adder (D:5)
  A goblin (D:2)
  A fungus (D:11)
4 creatures vanquished.

Grand Total: 208 creatures vanquished

Notes
Turn   | Place    | Note
-------+----------+-------------------------------------------
     0 | D:1      | rogel the Gargoyle Fighter began the quest for the Orb.
     0 | D:1      | Reached XP level 1. HP: 14/14 MP: 1/1
   149 | D:1      | Reached XP level 2. HP: 19/19 MP: 2/2
   710 | D:2      | Reached XP level 3. HP: 24/24 MP: 3/3
  1079 | D:2      | Reached XP level 4. HP: 27/29 MP: 4/4
  1409 | D:2      | Found an opulent altar of Gozag.
  1410 | D:2      | Found a glowing silver altar of Zin.
  2026 | D:3      | Found a snail-covered altar of Cheibriados.
  2041 | D:3      | Reached XP level 5. HP: 29/33 MP: 5/5
  2372 | D:3      | Found a basalt altar of Yredelemnul.
  2792 | D:4      | Reached XP level 6. HP: 36/38 MP: 6/6
  2814 | D:4      | Noticed Pikel
  2815 | D:4      | Noticed a slave
  2816 | D:4      | Noticed a slave
  2818 | D:4      | Reached skill level 5 in Maces & Flails
  2819 | D:4      | Noticed a slave
  2821 | D:4      | Noticed a slave
  2834 | D:4      | Killed Pikel
  2834 | D:4      | Reached XP level 7. HP: 16/44 MP: 7/7
  2876 | D:4      | Found a sparkling altar of Nemelex Xobeh.
  3216 | D:5      | Entered Level 5 of the Dungeon
  3217 | D:5      | Found Dafew's Weapon Boutique.
  3304 | D:5      | Reached XP level 8. HP: 48/48 MP: 8/8
  3615 | D:5      | Reached skill level 5 in Shields
  3794 | D:5      | Noticed a hand axe
  3795 | D:5      | Noticed a dagger
  3844 | D:5      | Found a hazy altar of Hepliaklqana.
  3890 | D:5      | Found a hide-covered altar of Uskayaw.
  4078 | D:6      | Reached skill level 5 in Fighting
  4078 | D:6      | Reached skill level 1 in Axes
  4372 | D:6      | Reached skill level 2 in Axes
  4610 | D:6      | Reached skill level 3 in Axes
  4624 | D:7      | Reached skill level 5 in Armour
  4624 | D:7      | Reached XP level 9. HP: 46/54 MP: 9/9
  4625 | D:7      | Reached skill level 4 in Axes
  4648 | D:7      | Found a shadowy altar of Dithmenos.
  4675 | D:7      | Reached skill level 5 in Axes
  4846 | D:7      | Found Lom Tydosa's Antique Weapon Boutique.
  5023 | D:7      | Found a deep blue altar of Sif Muna.
  5071 | D:7      | Found a staircase to the Ecumenical Temple.
  5431 | Temple   | Entered the Ecumenical Temple
  5485 | Temple   | Became a worshipper of Trog the Wrathful
  5963 | D:8      | Reached skill level 6 in Axes
  6284 | D:8      | Found a burning altar of Makhleb.
  6693 | D:9      | Reached skill level 7 in Axes
  6711 | D:9      | Reached XP level 10. HP: 60/60 MP: 10/10
  6739 | D:9      | Found a shattered altar of Ashenzari.
  6873 | D:9      | Found a blossoming altar of Fedhas.
  6895 | D:9      | Reached * piety under Trog
  7014 | D:9      | Reached skill level 8 in Axes
  7119 | D:9      | Found a sparkling altar of Nemelex Xobeh.
  7206 | D:9      | Noticed a hill giant
  7224 | D:9      | Killed a hill giant
  7538 | D:10     | Entered Level 10 of the Dungeon
  7579 | D:10     | Reached ** piety under Trog
  7582 | D:10     | Reached skill level 9 in Axes
  7641 | D:11     | Noticed Turtleman12345's ghost (novice TeCj)
  7656 | D:11     | Killed Turtleman12345's ghost
  7681 | D:11     | Found a staircase to the Lair.
  7823 | D:11     | HP: 2/61 [something (4)]
  7842 | D:11     | Identified a scroll of acquirement
  7886 | D:11     | HP: 1/61 [something (5)]
  7891 | D:11     | Slain by an unseen horror

Skill      XL: |  1  2  3  4  5  6  7  8  9 10 |
---------------+-------------------------------+-----
Maces & Flails | 3 4 6 7 |  7.8
Shields        | 4 5 6 7 |  7.2
Fighting       | 4 5 6 |  6.8
Armour         | 4 5 6 |  6.1
Axes           | 3 7 9 |  9.4
Dodging        | |  0.1

Action                   |  1- 3 |  4- 6 |  7- 9 | 10-12 || total
-------------------------+-------+-------+-------+-------++-------
Melee: Flail             |   132 |   184 |   120 |       ||   436
       War axe           |       |       |   212 |   184 ||   396
Evoke: Wand              |       |       |       |     5 ||     5
  Use: Scroll            |     3 |       |     6 |    11 ||    20
       Potion            |       |     2 |     2 |     8 ||    12
  Eat: Chunk             |     1 |     6 |     8 |     3 ||    18
       Royal jelly       |       |       |     2 |       ||     2
       Bread ration      |       |       |       |     1 ||     1
Armor: Scale mail        |   121 |   112 |   213 |   201 ||   647
       Skin              |       |       |       |    20 ||    20
Dodge: Dodged            |    65 |    60 |   121 |    53 ||   299
Block: Shield            |   106 |   101 |   170 |   126 ||   503
